 Dungeon Crawl Stone Soup version 0.18-a0-1193-gb7aa92a (webtiles) character file.

2055489 Psaro the Grand Gadgeteer (level 27, 273/273 HPs)
             Began as a Yellow Draconian Gladiator on Jan 28, 2016.
             Was the Champion of Pakellas.
             Escaped with the Orb
             ... and 4 runes on Jan 29, 2016!
             The game lasted 09:13:59 (94126 turns).

Psaro the Grand Gadgeteer (DrGl)                   Turns: 94126, Time: 09:13:59

Health: 273/273    AC: 18    Str: 19    XL:     27
Magic:  25/36      EV: 41    Int:  8    God:    Pakellas [******]
Gold:   5069       SH: 16    Dex: 20    Spells: 0 memorised, 26 levels left

rFire  + + +     SeeInvis +     a - +9 demon trident (elec)
rCold  + + +     Gourm    .     (armour unavailable)
rNeg   + + +     Faith    .     A - +1 shield {rC+ rF+}
rPois  +         Spirit   .     E - -2 hat of the Alchemist {rElec rPois rF+ rC+ rN+ MR+ rMut rCorr}
rElec  +         Dismiss  .     v - +1 ratskin cloak {rPois rN+ Int-1 Dex-1}
rCorr  +         Reflect  .     L - +2 pair of gloves
rMut   +         Harm     .     Z - +1 pair of boots
SustAt .         Clarity  +     G - amulet of the Four Winds {rN+ MR+++ Clar}
MR     +++++                    D - +6 ring of evasion
Stlth  +.........               l - ring of Poozilol {rF+ rC+ EV+3}

@: very slightly contaminated, almost entirely resistant to hostile
enchantments, very unstealthy
A: spit acid, acid resistance, unfitting armour, horns 1, stinger 1, see
invisible, cold resistance 1, deterioration 1, dopey 1, low mp 1, magic
resistance 1, acidic bite, evolution 1, cold-blooded, AC +13
a: Spit Acid, Quick Charge, Device Surge, Renounce Religion
0: Orb of Zot
}: 4/15 runes: serpentine, barnacled, slimy, silver


You escaped.
You worshipped Pakellas.
Pakellas was exalted by your worship.
You were not hungry.

You visited 12 branches of the dungeon, and saw 60 of its levels.
You visited 1 bazaar.
You also visited: Labyrinth, Ossuary and Ice Cave.

You collected 8335 gold pieces.
You spent 3266 gold pieces at shops.

Inventory:

Hand Weapons
 a - a +9 demon trident of electrocution (weapon)
Missiles
 h - 2 throwing nets (quivered)
Armour
 v - the +1 ratskin cloak (worn) {rPois rN+ Int-1 Dex-1}
   (You found it on level 2 of the Snake Pit)

   It affects your intelligence (-1).
   It affects your dexterity (-1).
   It protects you from poison.
   It protects you from negative energy.
 A - a +1 shield of resistance (worn)
 E - the -2 hat of the Alchemist (worn) {rElec rPois rF+ rC+ rN+ MR+ rMut rCorr}
   (You found it on level 3 of the Elven Halls)

   It protects you from fire.
   It protects you from cold.
   It insulates you from electricity.
   It protects you from poison.
   It protects you from negative energy.
   It affects your resistance to hostile enchantments.
   It protects you from acid and corrosion.
   It protects you from mutation.
 L - a +2 pair of gloves (worn)
 Z - a +1 pair of boots (worn)
Rods
 b - a +3 rod of destruction (15/15)
   (Pakellas gifted it to you on level 8 of the Dungeon)
 c - a +9 rod of ignition (17/17)
   (You took it off a minotaur in a labyrinth)
 d - a +10 rod of clouds (18/18)
   (Pakellas gifted it to you on level 5 of the Lair of Beasts)
 e - a +4 rod of shadows (10/10)
   (You found it on level 4 of the Depths)
 f - a +4 rod of clouds (12/12)
   (Pakellas gifted it to you on level 1 of the Realm of Zot)
Jewellery
 l - the ring of Poozilol (left hand) {rF+ rC+ EV+3}
   (You found it on level 10 of the Dungeon)

   [ring of evasion]

   It affects your evasion (+3).
   It protects you from fire.
   It protects you from cold.
 q - the ring of Nereos {SustAt +Fly MR+ SInv}
   (You took it off a deep elf blademaster on level 3 of the Elven Halls)

   [ring of sustain attributes]

   It sustains your strength, intelligence and dexterity.
   It affects your resistance to hostile enchantments.
   It lets you see invisible.
   It lets you fly.
 w - the ring of Haajim {+Fly rElec rF+ Str-2}
   (You found it on level 7 of the Dungeon)

   [ring of flight]

   It affects your strength (-2).
   It protects you from fire.
   It insulates you from electricity.
   It lets you fly.
 y - the amulet of Dawn {*Drain Regen+ Dex+5}
   (You took it off a minotaur in a labyrinth)

   [amulet of regeneration]

   It affects your dexterity (+5).
   It increases your rate of regeneration.
   It causes draining when unequipped.
 D - a +6 ring of evasion (right hand)
 G - the amulet of the Four Winds (around neck) {rN+ MR+++ Clar}
   (You found it on level 6 of the Pits of Slime)

   [amulet of nothing]

   It protects you from negative energy.
   It affects your resistance to hostile enchantments.
   It protects you against confusion.
 O - the ring "Ahunolag" {*Corrode rElec rC+ Dex+2}
   (You took it off a tengu reaver on level 3 of the Depths)

   [ring of protection from cold]

   It affects your dexterity (+2).
   It protects you from cold.
   It insulates you from electricity.
   It may corrode your equipment when you take damage.
Wands
 j - a wand of digging (14/24)
 s - a wand of heal wounds (7/9)
 t - a wand of teleportation (7/9)
 I - a wand of hasting (4/9)
Scrolls
 B - a scroll of fog
 F - 4 scrolls of fear
 W - a scroll of blinking
Potions
 g - 10 potions of agility
 o - a potion of heal wounds
 p - 11 potions of curing
 u - 5 potions of resistance
 K - 4 potions of might
 P - 3 potions of magic
Miscellaneous
 i - a phial of floods
 k - a phial of floods
 n - a lamp of fire
 r - a disc of storms
 z - 3 phantom mirrors
 J - a stone of tremors
 M - a lantern of shadows
 R - a lamp of fire
 X - a stone of tremors
 Y - a phial of floods
Comestibles
 m - 3 meat rations
 S - 4 royal jellies
 T - 11 bread rations


   Skills:
 O Level 27 Fighting
 - Level 16.1 Maces & Flails
 + Level 16.3 Polearms
 - Level 1.7 Throwing
 + Level 21.8 Dodging
 - Level 15.7 Shields
 O Level 27 Evocations


You had 26 spell levels left.
You didn't know any spells.

Dungeon Overview and Level Annotations

Branches:
Dungeon (15/15)            Temple (1/1) D:4            Lair (8/8) D:10
 Shoals (4/4) Lair:4        Snake (4/4) Lair:6        Slime (6/6) Lair:8
    Orc (2/2) D:10            Elf (3/3) Orc:2        Vaults (5/5) D:13
  Crypt (2/3) Vaults:3     Depths (5/5) D:15            Zot (5/5) Depths:5

Altars:
Ashenzari
Cheibriados
Dithmenos
Elyvilon
Fedhas
Kikubaaqudgha
Makhleb
Nemelex Xobeh
Okawaru
Pakellas
Qazlal
Sif Muna
Trog
Vehumet
Xom
Yredelemnul
The Shining One
Beogh
Jiyva
Lugonu

Shops:
D:5 *   D:9 [   Orc:1 %   Orc:2 [:*(   Elf:2 (   Snake:2 !   Snake:3 [
Vaults:1 :   Vaults:4 [*=   Vaults:5 =   Depths:3 (

Portals:
Hell: Depths:1 Depths:2 Depths:3 Depths:4 Depths:5
Abyss: Depths:4 Depths:5
Pandemonium: Depths:3
Ziggurat: Depths:4
Trove: Depths:2 (give 15 potions of curing)

Annotations:
D:2 Natasha
Shoals:4 Proton's ghost, adept FoFi
Elf:2 5 runed doors
Crypt:1 Khufu


Innate Abilities, Weirdness & Mutations

You can spit globs of acid.
You are resistant to acid.
Your golden yellow scales are hard (AC +13).
Your body does not fit into most forms of armour.
You have acidic saliva.
You are cold-blooded and may be slowed by cold attacks.
You have a pair of small horns on your head.
Your tail ends in a poisonous barb.
You have supernaturally acute eyesight.
Your flesh is cold resistant.
Your body sometimes deteriorates upon taking damage.
You are dopey. (Int -2)
Your magical capacity is low (-10% MP).
You are resistant to hostile enchantments.
You evolve.


Message History

The jackal completely misses you.
You climb upwards.
There is a stone staircase leading down here.
You impale the jackal!!
You kill the jackal!
Pakellas accepts your kill.
You feel your power returning.
No target in view!
No target in view!
There is a stone staircase leading up here.
You climb upwards.
Level annotation: Natasha
There is a stone staircase leading down here.
A red devil comes into view. It is wielding a trident.
There is a stone staircase leading up here.
You climb upwards.
There is a stone staircase leading down here.
You see here a stone.
There is a staircase leading out of the dungeon here.
You have escaped!

...)..........####.###..(.....#
.....#...........#.#.#........#
..........######.#...#........#
..........#(...#.###.#........#
..........#..(>#.# #..........#
######....#.s..#.# ###........#
#..#.#.$).#.# #..........#
#..#.######.# #..........#
#..#.......@# #..........#
############# #..........#
#..รท..###### #.....# #.....#
######### #.....# #.......#
####### #.......# # #.......#


There were no monsters in sight!

Vanquished Creatures
  the Royal Jelly (Slime:6)
  5 ancient liches (Zot:5)
  6 orbs of fire
  Saint Roka (Orc:2)
  3 curse toes (Zot:5)
  6 Killer Klowns
  4 caustic shrikes
  Nikola (Shoals:2)
  Jory (Vaults:3)
  the Enchantress (Depths:5)
  A bone dragon (Depths:5)
  9 golden dragons
  4 electric golems
  27 Orb Guardians
  16 tentacled monstrosities
  3 titans
  5 liches
  Asterion (Elf:1)
  A quicksilver dragon (Vaults:5)
  2 deep elf blademasters (Elf:3)
  2 deep elf master archers (Elf:3)
  30 acid blobs
  5 sphinxes
  A kraken (Shoals:4)
  12 death cobs
  6 shadow dragons
  9 storm dragons
  3 ancient champions (Crypt:1)
  A revenant (Crypt:1)
  17 azure jellies
  5 draconian monks
  2 greater nagas
  9 tengu reavers
  9 fire giants
  3 draconian knights
  Ilsuiw (Shoals:4)
  Maud (Lair:8)
  An iron dragon (Vaults:5)
  8 deep elf sorcerers
  14 frost giants
  Aizul (Depths:2)
  A cacodemon (Depths:3)
  6 ghost moths
  6 draconian shifters
  15 vault wardens
  5 draconian zealots
  Louise (Elf:3)
  4 deep elf elementalists
  7 draconian scorchers
  3 curse skulls (Vaults:3)
  9 draconian annihilators
  2 ghouls (Vaults:3)
  2 war gargoyles (Vaults:5)
  3 spriggan defenders (Depths:5)
  21 stone giants
  4 vampire knights
  6 very ugly things
  26 ironheart preservers
  A stone giant (shapeshifter) (Depths:1)
  8 deep elf demonologists
  16 green draconians
  A dire elephant (Lair:4)
  4 draconian callers
  6 deep elf annihilators
  19 yellow draconians
  A spark wasp (Depths:3)
  18 black draconians
  9 white draconians
  7 purple draconians
  10 mottled draconians
  16 red draconians
  An eidolon (Crypt:1)
  25 ettins
  A minotaur (Lab)
  11 merfolk impalers
  7 deep elf death magi
  30 vault guards
  8 death oozes
  5 merfolk javelineers (Shoals:4)
  23 fire dragons
  16 ogre magi
  16 entropy weavers
  Fannar (D:12)
  13 great orbs of eyes
  18 yaktaur captains
  8 deep elf high priests
  The ghost of Zigma the Grappler, a journeyman DrMo of Ashenzari (D:11)
  6 rakshasas
  16 naga warriors
  A merfolk avatar (Shoals:3)
  A quicksilver dragon skeleton (Crypt:1)
  6 spriggan air magi
  14 ice dragons
  10 anacondas
  2 death knights
  8 hydras
  5 merfolk aquamancers
  A satyr (shapeshifter) (Vaults:5)
  10 centaur warriors
  A monstrous demonspawn (Depths:3)
  3 satyrs
  14 deep troll shamans
  A vampire mage (Crypt:1)
  Urug (Orc:2)
  2 orc high priests
  18 deep troll earth magi
  15 dancing weapons
  3 tengu warriors
  3 death yaks (Lair:8)
  6 spriggan berserkers
  24 deep elf knights
  7 naga sharpshooters
  3 hell hogs (Depths:1)
  5 shock serpents
  A titan zombie (Crypt:1)
  7 iron trolls
  A soul eater (Vaults:3)
  A salamander mystic (Snake:2)
  5 hell knights
  7 wizards
  A sea snake (shapeshifter) (Depths:3)
  6 flayed ghosts
  A fire crab (shapeshifter) (Vaults:4)
  2 fire crabs
  A titan skeleton (Depths:2)
  14 skeletal warriors
  4 sea snakes
  A shadow wraith (Vaults:4)
  8 hill giants
  3 unseen horrors
  48 deep trolls
  4 naga ritualists
  An obsidian statue (Elf:3)
  8 giant orange brains
  A shadow dragon zombie (Depths:1)
  20 ironbrand convokers
  A tengu zombie (Vaults:3)
  24 deep elf archers
  4 phantasmal warriors
  A harpy (shapeshifter) (Vaults:4)
  2 lindwurms (Lair:8)
  A golden dragon skeleton (Crypt:1)
  A wolf spider zombie (D:15)
  16 necromancers
  Pikel (D:4)
  85 deep elf magi
  19 harpies
  13 mana vipers
  8 wolf spiders
  A putrid demonspawn (Depths:3)
  8 griffons
  A shining eye (Slime:1)
  2 fire giant zombies
  10 salamanders
  7 orc sorcerers
  6 water nymphs (Shoals:4)
  19 moths of wrath
  15 fauns
  10 oklob plants
  19 orc knights
  2 frost giant zombies
  5 cyclopes
  3 hornets
  45 ugly things
  A moth of wrath (shapeshifter) (Vaults:3)
  11 manticores
  2 salamanders (shapeshifter) (Vaults:5)
  13 elephants
  Maurice (D:12)
  A shadow dragon skeleton (Crypt:1)
  15 vault sentinels
  2 sixfirhies
  2 eyes of devastation
  11 sirens
  35 black mambas
  An iron dragon skeleton (Crypt:1)
  17 naga magi
  A gargoyle (D:14)
  A rust devil (Depths:5)
  8 guardian serpents
  11 torpor snails
  An ice statue (IceCv)
  A shock serpent skeleton (Crypt:1)
  17 spiny frogs
  A fire giant skeleton (Crypt:1)
  70 yaktaurs
  A catoblepas skeleton (Crypt:1)
  3 komodo dragons
  2 ice devils
  3 efreet
  2 yaktaur skeletons
  A hellwing (Depths:3)
  6 fire drakes
  A redback zombie (D:14)
  A hydra zombie (Crypt:1)
  17 freezing wraiths
  A red devil (D:14)
  2 wind drakes
  6 tengu conjurers
  11 trolls
  32 merfolk
  6 jumping spiders
  4 giant leeches (Lair:8)
  59 blink frogs
  A sphinx simulacrum (Vaults:3)
  18 two-headed ogres
  2 raiju (shapeshifter) (Vaults:4)
  Prince Ribbit (D:5)
  8 boulder beetles
  An iron dragon simulacrum (Crypt:1)
  12 snapping turtles
  119 slime creatures
  3 stone giant simulacra
  A harpy skeleton (D:15)
  2 fire giant simulacra
  3 flying skulls (Crypt:2)
  8 air elementals
  2 ice dragon skeletons
  6 tarantellas
  25 water elementals
  The ghost of bullock the Conjurer, an amateur DEWz (D:4)
  A vampire (D:13)
  2 wraiths
  Sigmund (D:3)
  30 redbacks
  4 spriggans
  An ettin skeleton (Crypt:1)
  52 yaks
  A yak (shapeshifter) (Vaults:1)
  A hill giant zombie (D:10)
  2 wyverns
  3 golden eyes (Slime:2)
  7 hungry ghosts
  A basilisk (shapeshifter) (Depths:2)
  3 death yak simulacra (IceCv)
  12 hippogriffs
  2 basilisks
  10 vampire mosquitoes
  9 wargs
  Edmund (D:4)
  2 swamp worms (shapeshifter)
  2 deep troll zombies (Vaults:3)
  3 mottled dragons
  43 nagas
  An emperor scorpion simulacrum (Crypt:1)
  9 wolves
  2 soldier ants (shapeshifter)
  23 water moccasins
  Duvessa (D:4)
  6 hell hounds (Depths:1)
  14 porcupines
  A water nymph skeleton (Crypt:1)
  10 ice beasts
  2 sky beasts
  3 human skeletons
  3 black bears
  6 eyes of draining
  11 wasps
  An eye of draining (shapeshifter) (Depths:3)
  46 orc warriors
  2 necrophages
  An ettin simulacrum (Vaults:3)
  2 phantoms
  13 boggarts
  62 ogres
  16 centaurs
  15 crocodiles
  3 big kobolds
  Blork the orc (D:5)
  18 giant frogs
  2 wyvern zombies
  2 earth elementals (Elf:3)
  Dowan (D:4)
  2 scorpions (D:6)
  A wyvern skeleton (D:8)
  A troll zombie (D:10)
  12 killer bees
  A water moccasin skeleton (Crypt:2)
  A spriggan zombie (Crypt:1)
  9 electric eels
  13 wights
  6 crimson imps
  3 draconian simulacra (IceCv)
  6 centaur zombies
  2 giant frog zombies (D:6)
  5 hounds
  7 human zombies
  Crazy Yiuf (D:3)
  62 jellies
  21 orc priests
  24 orc wizards
  5 centaur skeletons
  A giant frog skeleton (D:6)
  Terence (D:3)
  A hell rat (D:6)
  11 iguanas
  8 worker ants
  Natasha (twice) (D:3 D:2)
  5 troll simulacra (IceCv)
  3 spriggan simulacra (IceCv)
  15 sheep
  A sheep (shapeshifter) (Vaults:5)
  A wolf simulacrum (IceCv)
  A big kobold zombie (Ossuary)
  6 ogre zombies (D:10)
  A hound zombie (D:6)
  3 hound skeletons
  5 mummies (Ossuary)
  3 worker ant zombies
  3 gnolls (D:6)
  23 adders
  7 naga simulacra (IceCv)
  2 ogre simulacra (IceCv)
  90 river rats
  6 shadow imps
  12 white imps (IceCv)
  14 oozes
  A sheep zombie (Crypt:1)
  An adder skeleton (D:4)
  23 worms
  5 giant geckos
  82 orcs
  7 giant cockroaches
  9 goblins
  9 hobgoblins
  14 jackals
  3 quokkas
  4 ball pythons
  6 bats
  A giant cockroach zombie (D:6)
  A giant gecko skeleton (D:6)
  2 giant gecko zombies (D:6)
  2 giant newts
  5 goblin zombies
  5 hobgoblin skeletons (D:10)
  2 hobgoblin zombies (Ossuary)
  A jackal zombie (D:6)
  22 kobolds
  A kobold zombie (Ossuary)
  An orc skeleton (D:10)
  15 orc zombies (D:10)
  A quokka zombie (D:6)
  34 rats
  5 fungi
  17 plants
3069 creatures vanquished.

Vanquished Creatures (collateral kills)
  A golden dragon (Zot:2)
  An acid blob (Slime:5)
  Donald (Slime:5)
  A draconian knight (Zot:1)
  A vault warden (Vaults:5)
  An ironheart preserver (Vaults:5)
  A war gargoyle (Vaults:5)
  A stone giant (Vaults:5)
  A white draconian (Depths:5)
  4 death oozes
  A fire dragon (Depths:5)
  An ice dragon (Zot:1)
  A great orb of eyes (Slime:1)
  A dancing weapon (Elf:1)
  A spriggan berserker (Depths:5)
  3 shining eyes
  A moth of wrath (Zot:2)
  An eye of devastation (Slime:5)
  A yaktaur (Vaults:1)
  14 slime creatures
  A golden eye (Slime:2)
  A naga (Snake:3)
  2 eyes of draining
  2 jellies
44 creatures vanquished.

Vanquished Creatures (others)
  An ancient lich (Vaults:5)
  2 eldritch tentacles (Depths:2)
  A shadow dragon (Vaults:5)
  A tengu reaver (Vaults:5)
  2 fire giants
  A draconian knight (Zot:3)
  A vault warden (Vaults:5)
  2 draconian zealots (Zot:3)
  A draconian annihilator (Zot:3)
  A mottled draconian (Zot:4)
  An ogre mage (Vaults:5)
  An ironbrand convoker (Vaults:5)
  A salamander (Snake:1)
  A water elemental (Shoals:3)
  An ogre (Depths:3)
  An orc wizard (D:4)
  2 giant geckos (D:4)
  4 orcs
  A jackal (D:4)
  116 eldritch tentacle segments (Depths:2)
  35 fungi
  2 lost souls (Crypt:1)
  60 plants
  6 tentacles (Shoals:4)
  40 tentacle segments (Shoals:4)
285 creatures vanquished.

Grand Total: 3398 creatures vanquished

Notes
Turn   | Place    | Note
--------------------------------------------------------------
     0 | D:1      | Psaro the Draconian Gladiator began the quest for the Orb.
     0 | D:1      | Reached XP level 1. HP: 17/17 MP: 1/1
    10 | D:1      | Noticed a giant frog
   146 | D:1      | Reached XP level 2. HP: 24/24 MP: 2/2
   417 | D:1      | Reached skill level 4 in Maces & Flails
   481 | D:1      | Reached XP level 3. HP: 28/30 MP: 3/3
   925 | D:2      | Reached XP level 4. HP: 28/37 MP: 4/4
  1531 | D:2      | Reached skill level 5 in Maces & Flails
  1901 | D:3      | Reached XP level 5. HP: 33/45 MP: 5/5
  2155 | D:3      | Found a shadowy altar of Dithmenos.
  2193 | D:3      | Noticed Terence
  2212 | D:3      | Killed Terence
  2516 | D:3      | Found a sparkling altar of Nemelex Xobeh.
  2616 | D:3      | Noticed Natasha
  2625 | D:3      | Killed Natasha
  2793 | D:3      | Noticed Natasha
  2801 | D:3      | Noticed Sigmund
  2816 | D:2      | Killed Natasha
  2874 | D:2      | Noticed Natasha
  3294 | D:3      | Killed Sigmund
  3294 | D:3      | Reached skill level 6 in Maces & Flails
  3294 | D:3      | Reached XP level 6. HP: 36/53 MP: 6/6
  3666 | D:3      | Noticed Crazy Yiuf
  3671 | D:3      | Killed Crazy Yiuf
  3869 | D:4      | Noticed a slave
  3869 | D:4      | Noticed a slave
  3870 | D:4      | Noticed Pikel
  3870 | D:4      | Noticed a slave
  3871 | D:4      | Noticed a slave
  3893 | D:4      | Noticed bullock's ghost (amateur DEWz)
  3909 | D:4      | Noticed Dowan
  3910 | D:4      | Noticed Duvessa
  3922 | D:4      | Killed Duvessa
  3922 | D:4      | Reached skill level 5 in Fighting
  3922 | D:4      | Reached XP level 7. HP: 49/61 MP: 7/7
  3922 | D:4      | Your scales start taking on a golden yellow colour.
  3929 | D:4      | Reached skill level 7 in Maces & Flails
  3931 | D:4      | Killed Dowan
  4167 | D:4      | Killed bullock's ghost
  4167 | D:4      | Reached skill level 8 in Maces & Flails
  4244 | D:4      | Killed Pikel
  4244 | D:4      | Reached skill level 9 in Maces & Flails
  4244 | D:4      | Reached XP level 8. HP: 32/71 MP: 8/8
  4529 | D:4      | Found a staircase to the Ecumenical Temple.
  4530 | D:4      | Noticed Edmund
  4539 | D:4      | Killed Edmund
  4628 | Temple   | Entered the Ecumenical Temple
  4761 | Temple   | Became a worshipper of Pakellas the Inventive
  5025 | D:5      | Entered Level 5 of the Dungeon
  5058 | D:5      | Noticed Prince Ribbit
  5087 | D:5      | Killed Prince Ribbit
  5363 | D:5      | Noticed Blork the orc
  5371 | D:5      | Killed Blork the orc
  5620 | D:5      | Found Qanit's Assorted Antiques.
  5634 | D:5      | Bought a sharpened iron wand for 100 gold pieces
  5634 | D:5      | Bought a blackened lead wand for 100 gold pieces
  5747 | D:5      | Reached skill level 10 in Maces & Flails
  6016 | D:5      | Reached XP level 9. HP: 79/79 MP: 9/9
  6280 | D:6      | Reached * piety under Pakellas
  6309 | D:6      | Reached skill level 1 in Evocations
  6874 | D:6      | Reached ** piety under Pakellas
  6874 | D:6      | Received a gift from Pakellas
  7662 | D:7      | Reached skill level 11 in Maces & Flails
  7671 | D:7      | Reached *** piety under Pakellas
  7890 | D:7      | Got a scintillating lapis lazuli ring
  8265 | D:7      | Found a sparkling altar of Nemelex Xobeh.
  8346 | D:7      | Found an iron altar of Okawaru.
  8347 | D:7      | Found a stormy altar of Qazlal.
  8626 | D:8      | Found a sand-covered staircase.
  8632 | D:8      | Reached XP level 10. HP: 85/85 MP: 13/13
  8659 | Ossuary  | Entered an ossuary
  9009 | D:8      | Identified the ring of Haajim {+Fly rElec rF+ Str-2} (You found it on level 7 of the Dungeon)
  9020 | D:8      | Found an ancient bone altar of Kikubaaqudgha.
  9258 | D:8      | Got a dazzling bardiche
  9329 | D:8      | Reached **** piety under Pakellas
  9329 | D:8      | Received a gift from Pakellas
  9390 | D:8      | Reached skill level 5 in Dodging
  9581 | D:8      | Found a shimmering altar of Xom.
  9701 | D:8      | Identified a +1 rod of destruction (14/14) (Pakellas gifted it to you on level 8 of the Dungeon)
  9823 | D:9      | Found a shimmering altar of Xom.
  9825 | D:9      | Found a radiant altar of Vehumet.
  9870 | D:9      | Reached skill level 12 in Maces & Flails
 10148 | D:9      | Found Osiameh's Armour Shop.
 10193 | D:10     | Entered Level 10 of the Dungeon
 10278 | D:10     | Reached skill level 5 in Evocations
 10363 | D:9      | Reached ***** piety under Pakellas
 10684 | D:10     | Got a brightly glowing wooden ring
 10832 | D:10     | Found a staircase to the Orcish Mines.
 10970 | D:10     | Identified the ring of Poozilol {rF+ rC+ EV+3} (You found it on level 10 of the Dungeon)
 11733 | D:10     | Found a staircase to the Lair.
 11783 | Lair:1   | Entered Level 1 of the Lair of Beasts
 11902 | Lair:1   | Reached skill level 13 in Maces & Flails
 11929 | Lair:1   | Noticed a black mamba
 11953 | Lair:1   | Killed a black mamba
 11953 | Lair:1   | Reached XP level 11. HP: 23/91 MP: 15/15
 13515 | Lair:2   | Reached ****** piety under Pakellas
 13662 | Lair:2   | Reached skill level 14 in Maces & Flails
 14888 | Lair:3   | Reached XP level 12. HP: 92/99 MP: 17/17
 15752 | Lair:3   | Reached skill level 15 in Maces & Flails
 16426 | Lair:4   | Noticed a dire elephant
 16774 | Lair:4   | Killed a dire elephant
 16931 | Lair:4   | Found a staircase to the Shoals.
 16992 | Lair:4   | Reached XP level 13. HP: 58/108 MP: 20/20
 17832 | Lair:5   | Received a gift from Pakellas
 17883 | Lair:5   | Identified a +7 rod of clouds (12/12) (Pakellas gifted it to you on level 5 of the Lair of Beasts)
 17887 | Lair:5   | Reached skill level 16 in Maces & Flails
 18764 | Lair:5   | Reached skill level 10 in Evocations
 19084 | Lair:6   | Found a staircase to the Snake Pit.
 19286 | Lair:6   | Reached skill level 10 in Dodging
 19706 | Lair:7   | Reached skill level 10 in Fighting
 19842 | Lair:7   | Found a labyrinth entrance.
 19851 | Lab      | Entered a labyrinth
 20137 | Lab      | Noticed a minotaur
 20150 | Lab      | Killed a minotaur
 20215 | Lab      | Got a transparent copper amulet
 20255 | Lab      | Identified the Collected Works on Toxins
 20318 | Lair:7   | Identified the amulet of Dawn {*Drain Regen+ Dex+5} (You took it off a minotaur in a labyrinth)
 20909 | Lair:7   | Identified a +4 rod of ignition (14/14) (You took it off a minotaur in a labyrinth)
 20913 | Lair:7   | Gained mutation: You have acidic saliva. [Yellow Draconian growth]
 20913 | Lair:7   | Reached XP level 14. HP: 75/122 MP: 22/22
 21249 | Lair:8   | Entered Level 8 of the Lair of Beasts
 21305 | Lair:8   | Found a frozen archway.
 21350 | IceCv    | Entered an ice cave
 21574 | IceCv    | Found an ancient bone altar of Kikubaaqudgha.
 22058 | Lair:8   | Found a staircase to the Slime Pits.
 22122 | Lair:8   | Received a gift from Pakellas
 22600 | Lair:8   | Noticed Maud
 22624 | Lair:8   | Killed Maud
 22838 | Lair:8   | Found a runed door.
 24313 | Orc:1    | Entered Level 1 of the Orcish Mines
 24327 | Orc:1    | Reached XP level 15. HP: 134/134 MP: 24/24
 24408 | Orc:2    | Entered Level 2 of the Orcish Mines
 24487 | Orc:2    | Noticed Urug
 24519 | Orc:2    | Killed Urug
 24776 | Orc:2    | Found a staircase to the Elven Halls.
 24855 | Orc:2    | Noticed Saint Roka
 25157 | Orc:1    | Found Yhuopu's Food Boutique.
 25434 | D:11     | Noticed Zigma's ghost (journeyman DrMo)
 25460 | D:11     | Killed Zigma's ghost
 26167 | D:12     | Noticed Fannar
 26193 | D:12     | Killed Fannar
 26330 | D:12     | Received a gift from Pakellas
 26431 | D:12     | Noticed Maurice
 26445 | D:12     | Killed Maurice
 26831 | D:13     | Found a gate to the Vaults.
 29202 | D:15     | Entered Level 15 of the Dungeon
 29363 | D:15     | Found a shattered altar of Ashenzari.
 29476 | D:15     | Reached skill level 1 in Shields
 29708 | D:15     | Found a staircase to the Depths.
 30652 | Snake:1  | Entered Level 1 of the Snake Pit
 30877 | Lair:6   | Reached XP level 16. HP: 87/146 MP: 26/26
 31312 | Snake:1  | Reached skill level 5 in Shields
 31558 | Snake:1  | Got a smoking large shield
 31569 | Snake:1  | Identified the +6 large shield of Jeroul {Int+8 Dex-3 SInv Stlth+} (You found it on level 1 of the Snake Pit)
 32592 | Snake:2  | Found Ducaryilai's Distillery.
 32828 | Snake:2  | Reached skill level 15 in Fighting
 32828 | Snake:2  | Reached skill level 15 in Evocations
 33402 | Snake:3  | Got an ancient turquoise ring
 33616 | Snake:3  | Received a gift from Pakellas
 34030 | Snake:3  | Found Wualiaro's Specialty Armours.
 34136 | Snake:3  | Identified the ring of the Countless Curses {Fire rPois Dex+2} (You found it on level 3 of the Snake Pit)
 34313 | Snake:4  | Entered Level 4 of the Snake Pit
 34833 | Snake:4  | Reached XP level 17. HP: 152/156 MP: 28/28
 35088 | Snake:4  | Paralysed by a naga mage for 6 turns
 35629 | Snake:4  | Got a serpentine rune of Zot
 35633 | Snake:4  | Paralysed by a naga mage for 5 turns
 35639 | Snake:4  | HP: 4/156 [poisoned by a naga mage (bolt of poison)]
 36339 | Shoals:1 | Entered Level 1 of the Shoals
 37638 | Shoals:2 | Noticed Nikola
 37657 | Shoals:2 | Killed Nikola
 38274 | Shoals:2 | Reached skill level 17 in Evocations
 39235 | Shoals:3 | Found a flickering gateway to a bazaar.
 39241 | Bazaar   | Entered a bazaar
 39247 | Bazaar   | Found Fycyd's Book Emporium.
 39247 | Bazaar   | Found Yreoca's Jewellery Shoppe.
 39259 | Bazaar   | Bought an uncursed ring of protection from magic for 325 gold pieces
 39259 | Bazaar   | Bought an uncursed ring of sustain attributes for 227 gold pieces
 39383 | Shoals:4 | Entered Level 4 of the Shoals
 39557 | Shoals:4 | Noticed Proton's ghost (adept FoFi)
 39892 | Shoals:4 | Noticed Ilsuiw
 39935 | Shoals:4 | Reached XP level 18. HP: 100/168 MP: 11/30
 40081 | Shoals:4 | Killed Ilsuiw
 40127 | Shoals:4 | Got a sparkling pewter amulet
 40467 | Shoals:4 | Received a gift from Pakellas
 40831 | Shoals:4 | Got a barnacled rune of Zot
 41158 | Shoals:4 | Reached skill level 1 in Polearms
 41830 | Vaults:1 | Entered Level 1 of the Vaults
 41980 | Vaults:1 | Reached skill level 18 in Evocations
 42785 | Vaults:1 | Reached skill level 5 in Polearms
 43097 | Vaults:1 | Identified the amulet "Divel" {Faith rN+ Str+2 Dex-3 SInv} (You found it on level 4 of the Shoals)
 43997 | Vaults:1 | Found Jeyqyo's Book Shop.
 44257 | Vaults:2 | Reached XP level 19. HP: 133/174 MP: 32/32
 46065 | Vaults:2 | Identified a +10 rod of clouds (18/18) (supercharged by Pakellas)
 47077 | Orc:2    | Killed Saint Roka
 47134 | Orc:2    | Received a gift from Pakellas
 47145 | Orc:2    | Found a roughly hewn altar of Beogh.
 47266 | Orc:2    | Found Jubaong's Antique Armour Shoppe.
 47276 | Orc:2    | Found Pamm's General Store.
 47314 | Orc:2    | Bought a +0 shield of resistance for 441 gold pieces
 47375 | Orc:2    | Found a roughly hewn altar of Beogh.
 47418 | Orc:2    | Found Yhokh's Book Shoppe.
 47433 | Orc:2    | Found Kasuxt's Antique Weapon Shoppe.
 47627 | Orc:2    | Bought a phial of floods for 560 gold pieces
 47627 | Orc:2    | Bought a scroll of enchant armour for 105 gold pieces
 47632 | Orc:2    | Bought a phantom mirror for 420 gold pieces
 47632 | Orc:2    | Bought a scroll of enchant weapon for 105 gold pieces
 47816 | Depths:1 | Entered Level 1 of the Depths
 47825 | Depths:1 | Reached skill level 10 in Polearms
 48104 | Depths:1 | Got a transparent lapis lazuli ring
 48106 | Depths:1 | Identified the ring "Resymm" {Fragile rF+ rN+ Str+3} (You found it on level 1 of the Depths)
 48110 | Depths:1 | Got a crude cloak
 48121 | Depths:1 | Identified the cursed +0 cloak of Nihilism {MP+9 SInv} (You found it on level 1 of the Depths)
 48341 | Depths:1 | Paralysed by a great orb of eyes for 5 turns
 48704 | Depths:1 | Reached skill level 19 in Evocations
 48938 | Depths:1 | Found a gateway to Hell.
 49876 | Depths:2 | Reached XP level 20. HP: 182/182 MP: 33/33
 49910 | Depths:2 | Noticed Aizul
 49933 | Depths:2 | Killed Aizul
 50397 | Depths:2 | Found a portal to a secret trove of treasure.
 50573 | Depths:2 | Noticed a lich
 50895 | Depths:2 | Reached skill level 10 in Shields
 51011 | Depths:2 | Noticed a caustic shrike
 51011 | Depths:2 | Noticed a caustic shrike
 51015 | Depths:2 | Noticed a caustic shrike
 51020 | Depths:2 | Killed a caustic shrike
 51023 | Depths:2 | Killed a caustic shrike
 51057 | Depths:2 | Killed a caustic shrike
 51406 | Depths:2 | Noticed a golden dragon
 51458 | Depths:2 | Killed a golden dragon
 51662 | Depths:2 | Found a snail-covered altar of Cheibriados.
 52014 | Depths:2 | Received a gift from Pakellas
 52226 | Depths:2 | Killed a lich
 53110 | Depths:3 | Reached XP level 21. HP: 193/193 MP: 34/34
 53371 | Depths:3 | Noticed a golden dragon
 53402 | Depths:3 | Killed a golden dragon
 53650 | Depths:3 | Got a smoking brass ring
 53861 | Depths:3 | Found an iron altar of Okawaru.
 54000 | Depths:3 | Reached skill level 20 in Evocations
 54416 | Depths:3 | Found Faliol's Weapon Shoppe.
 54989 | Depths:3 | Found a one-way gate leading to the halls of Pandemonium.
 55564 | D:13     | Identified the ring "Ahunolag" {*Corrode rElec rC+ Dex+2} (You took it off a tengu reaver on level 3 of the Depths)
 56563 | Vaults:3 | Received a gift from Pakellas
 56773 | Vaults:3 | Noticed Jory
 56799 | Vaults:3 | Killed Jory
 56861 | Vaults:3 | Reached XP level 22. HP: 195/204 MP: 36/36
 56871 | Vaults:3 | Reached skill level 21 in Evocations
 56983 | Vaults:3 | Found a staircase to the Crypt.
 58277 | Snake:2  | Bought a potion of cure mutation for 350 gold pieces
 58319 | Snake:2  | Gained mutation: You have a pair of small horns on your head. [potion of beneficial mutation]
 58463 | Snake:1  | Gained mutation: You are resistant to hostile enchantments. [potion of beneficial mutation]
 58565 | Lair:8   | Gained mutation: You evolve. [potion of beneficial mutation]
 58689 | D:10     | Gained mutation: Your flesh is cold resistant. [evolution]
 59747 | Depths:4 | Paralysed by something for 4 turns
 60280 | Depths:4 | Found a one-way gate to the infinite horrors of the Abyss.
 60741 | Depths:4 | Noticed a caustic shrike
 60754 | Depths:4 | Killed a caustic shrike
 60963 | Depths:4 | Found a gateway to a ziggurat.
 61170 | Depths:4 | Upgraded the game from 0.18-a0-1185-g2fe3d93 to 0.18-a0-1193-gb7aa92a
 61204 | Depths:5 | Entered Level 5 of the Depths
 61602 | Depths:5 | Noticed a golden dragon
 61627 | Depths:5 | Killed a golden dragon
 61638 | Depths:5 | Reached skill level 15 in Shields
 61887 | Depths:5 | Reached XP level 23. HP: 195/215 MP: 37/37
 62206 | Depths:5 | Found a corrupted altar of Lugonu.
 62436 | Depths:5 | Found a gate to the Realm of Zot.
 62481 | Depths:5 | Noticed the Enchantress
 62701 | Depths:5 | Identified a +4 rod of shadows (10/10) (You found it on level 4 of the Depths)
 62890 | Depths:5 | Killed the Enchantress
 63317 | Depths:5 | Received a gift from Pakellas
 64119 | Slime:1  | Entered Level 1 of the Pits of Slime
 64463 | Slime:1  | Reached skill level 22 in Evocations
 64626 | Slime:1  | Gained mutation: Your body sometimes deteriorates upon taking damage. [a shining eye]
 64794 | Slime:2  | Found a viscous altar of Jiyva.
 65269 | Slime:3  | Reached skill level 15 in Dodging
 65482 | Slime:4  | Gained mutation: Your body often deteriorates upon taking damage. [a shining eye]
 65709 | Slime:5  | Noticed Donald
 65722 | Slime:5  | Killed Donald
 66667 | Orc:1    | Bought a meat ration for 55 gold pieces
 66667 | Orc:1    | Bought a meat ration for 55 gold pieces
 66667 | Orc:1    | Bought a meat ration for 55 gold pieces
 66758 | Elf:1    | Entered Level 1 of the Elven Halls
 67696 | Elf:1    | Noticed Asterion
 67713 | Elf:1    | Killed Asterion
 68188 | Elf:2    | Gained mutation: You have supernaturally acute eyesight. [evolution]
 68202 | Elf:2    | Received a gift from Pakellas
 68232 | Elf:2    | Found Taobbud's Antique Weapon Boutique.
 68410 | Elf:2    | Reached XP level 24. HP: 226/226 MP: 38/38
 68638 | Elf:2    | Identified a scroll of acquirement
 68641 | Elf:2    | Got a warped large shield
 68652 | Elf:2    | Identified the +8 large shield of Miracles {Int+2} (You acquired it on level 2 of the Elven Halls)
 68834 | Elf:2    | Found a huge runed gate.
 68834 | Elf:2    | Found a huge runed gate.
 68834 | Elf:2    | Found a huge runed gate.
 68839 | Elf:2    | Found a huge runed gate.
 68840 | Elf:2    | Found a huge runed gate.
 69095 | Elf:3    | Entered Level 3 of the Elven Halls
 69245 | Elf:3    | Noticed Louise
 69257 | Elf:3    | Killed Louise
 69525 | Elf:3    | Found a shimmering altar of Xom.
 69588 | Elf:3    | Reached skill level 23 in Evocations
 69992 | Elf:3    | Got a flickering bone ring
 70007 | Elf:3    | Gained mutation: Your magical capacity is low (-10% MP). [a neqoxec]
 70571 | Elf:3    | Gained mutation: You are dopey. (Int -2) [a cacodemon]
 70602 | Elf:3    | Got a twitching zirconium amulet
 70632 | Elf:3    | Got a crude crystal amulet
 70672 | Elf:3    | Identified the ring of Nereos {SustAt +Fly MR+ SInv} (You took it off a deep elf blademaster on level 3 of the Elven Halls)
 71175 | D:12     | Identified the amulet "Cidon" {Spirit rC+} (You took it off a deep elf demonologist on level 3 of the Elven Halls)
 71176 | D:12     | Identified the amulet "Moezak" {Reflect Dex+2 SH+2 SInv} (You took it off a deep elf death mage on level 3 of the Elven Halls)
 71530 | Slime:6  | Entered Level 6 of the Pits of Slime
 71860 | Slime:6  | Noticed the Royal Jelly
 72122 | Slime:6  | Found a viscous altar of Jiyva.
 72326 | Slime:6  | Killed the Royal Jelly
 72914 | Slime:6  | Got a slimy rune of Zot
 72916 | Slime:6  | Got a warped copper ring
 72928 | Slime:6  | Identified the ring "Curoweets" {-Tele rF++ MR+ Dex+4 Slay+3} (You found it on level 6 of the Pits of Slime)
 73052 | Slime:6  | Got a sparkling glass ring
 73065 | Slime:6  | Identified the ring "Mozocs" {rPois rF- rN+ Stlth+} (You found it on level 6 of the Pits of Slime)
 73823 | Vaults:4 | Found Eson's Assorted Antiques.
 73845 | Vaults:4 | Found Tejapn's Jewellery Emporium.
 74082 | Vaults:4 | Found a radiant altar of Vehumet.
 74225 | Vaults:4 | Reached skill level 24 in Evocations
 74331 | Vaults:4 | Reached XP level 25. HP: 224/237 MP: 35/35
 74551 | Vaults:4 | Found a deep blue altar of Sif Muna.
 74555 | Vaults:4 | Found Qutriary's Armour Shoppe.
 74697 | Vaults:4 | Found Duicekiwi's Antique Armour Boutique.
 74710 | Vaults:4 | Bought a pair of boots for 184 gold pieces
 75281 | Vaults:5 | Entered Level 5 of the Vaults
 75350 | Vaults:4 | Received a gift from Pakellas
 76235 | Vaults:5 | Got a smoking bronze ring
 76252 | Vaults:5 | Identified the ring "Godisel" {Fire MP+9} (You took it off a deep elf death mage on level 5 of the Vaults)
 76286 | Vaults:5 | Found Plog's Jewellery Shoppe.
 76528 | Vaults:5 | Noticed an ancient lich
 76549 | Vaults:5 | Killed an ancient lich
 76549 | Vaults:5 | Reached skill level 25 in Evocations
 76855 | Vaults:5 | Paralysed by a giant eyeball for 2 turns
 77114 | Vaults:5 | Got a coiled jade ring
 77121 | Vaults:5 | Identified the ring "Eriqis" {Fire rN+ Str+2} (You took it off a frost giant on level 5 of the Vaults)
 77522 | Vaults:5 | Reached XP level 26. HP: 248/248 MP: 20/35
 77712 | Vaults:5 | Got a silver rune of Zot
 78708 | Zot:1    | Entered Level 1 of the Realm of Zot
 79488 | Zot:1    | Received a gift from Pakellas
 79522 | Zot:1    | Reached skill level 26 in Evocations
 81371 | Zot:2    | Reached XP level 27. HP: 190/259 MP: 34/36
 82280 | Zot:3    | Reached skill level 27 in Evocations
 84688 | Vaults:4 | Bought a pair of runed gloves for 184 gold pieces
 84845 | D:13     | Identified a +4 rod of clouds (12/12) (Pakellas gifted it to you on level 1 of the Realm of Zot)
 84964 | Crypt:1  | Entered Level 1 of the Crypt
 86491 | Crypt:1  | Received a gift from Pakellas
 87676 | Crypt:2  | Noticed Khufu
 87680 | Crypt:2  | Noticed a greater mummy
 87681 | Crypt:2  | Noticed a greater mummy
 89214 | Zot:5    | Entered Level 5 of the Realm of Zot
 89214 | Zot:5    | Noticed an orb of fire
 89237 | Zot:4    | Killed an orb of fire
 90062 | Zot:5    | Noticed an ancient lich
 90081 | Zot:5    | Killed an ancient lich
 90134 | Zot:5    | Noticed an orb of fire
 90144 | Zot:5    | Noticed an ancient lich
 90168 | Zot:5    | Killed an orb of fire
 90187 | Zot:5    | Killed an ancient lich
 90237 | Zot:5    | Noticed an orb of fire
 90571 | Zot:5    | Killed an orb of fire
 90672 | Zot:5    | Noticed an orb of fire
 90718 | Zot:5    | Killed an orb of fire
 90718 | Zot:5    | Reached skill level 27 in Fighting
 90783 | Zot:5    | Noticed an orb of fire
 90807 | Zot:5    | Killed an orb of fire
 90880 | Zot:5    | Gained mutation: Your tail ends in a poisonous barb. [potion of beneficial mutation]
 91471 | Zot:5    | Noticed an ancient lich
 91597 | Zot:5    | Noticed an ancient lich
 91617 | Zot:5    | Killed an ancient lich
 91633 | Zot:5    | Killed an ancient lich
 91633 | Zot:5    | Reached skill level 15 in Polearms
 92245 | Zot:5    | Noticed an orb of fire
 92271 | Zot:5    | Killed an orb of fire
 92434 | Zot:5    | Noticed an ancient lich
 93010 | Zot:5    | Killed an ancient lich
 93035 | Zot:5    | Lost mutation: Your body often deteriorates upon taking damage. [evolution]
 93459 | Zot:5    | Got the Orb of Zot
 93501 | Zot:5    | Noticed a seraph
 93599 | Zot:2    | Noticed Cisyes the pandemonium lord
 94075 | D:4      | Noticed Ycheniw the pandemonium lord
 94126 | D:$      | Escaped with the Orb!

Vault maps used:
D:1:      evilmike_arrival_come_back
D:2:      st_stairs_1
D:3:      lemuel_coloured_pillars_altar, nemelex_deck, uniq_natasha,
          uniq_terence, uniq_crazy_yiuf_cottage, uniq_sigmund
D:4:      minmay_temple_entry_trees, first_bread, minivault_26, uniq_edmund,
          uniq_pikel, uniq_duvessa
D:5:      serial_shops, nicolae_shop_waterfront, uniq_blork_the_orc,
          uniq_prince_ribbit1
D:6:      lemuel_ratsnest, serial_undead, serial_undead_a, serial_undead_b,
          serial_undead_c, serial_undead_e, nrook_pool_corridor
D:7:      gammafunk_temple_overflow_pools, nemelex_dance_club_becter
D:8:      lemuel_crystal_altar, kiku_gazebo_garden_becter,
          nicolae_ossuary_entry_monument, hangedman_little_slice_of_home,
          st_stairs_3, hangedman_abyss_or_decor_stabs, patterned_corridor
D:9:      vehumet_altar_wand_db, basic_altar, serial_shops,
          kennysheep_little_box
D:10:     erik_lair_dragon, zombieorc2_lemuel
D:11:     nicolae_wwwww
D:12:     uniq_fannar, uniq_maurice
D:13:     david_vaults_2
D:14:     eino_jars
D:15:     grunt_enter_depths_hoard, serial_park_square3, evilmike_ruin_ashenzari
Temple:   nicolae_temple_figure_eight
Lair:2:   small_statue_intersection, serial_bayou_crossing, lemuel_fruit_tree,
          grunt_megastairs_2
Lair:3:   minmay_lair_oklob_tunnel, grunt_forest_stairs_basic, minivault_26,
          serial_bayou_pond_d
Lair:4:   beast_lair_carwin_large_3, elwin_shoals_entry_rocks, st_stairs_13,
          grunt_megastairs_1
Lair:5:   serial_bayou_lake_a, serial_bayou_shore_b
Lair:6:   minmay_snake_entry_guardpost_medium
Lair:7:   lab_entry_generic, kennysheep_catoblepas_arena
Lair:8:   hangedman_lair_tendril_chambers, wormcave, minmay_slime_entry_pillars,
          portal_ice_cave_entry_pillars_01, minmay_lair_drake_nest, uniq_maud
Shoals:2: uniq_nikola
Shoals:3: nicolae_shoals_island_circles, serial_shops, bzr_entry_road,
          overgrown_hall
Shoals:4: shoals_end_hangedman, shoals_ilsuiw_alternative
Snake:1:  nrook_guardian_serpent_double
Snake:2:  serial_shops, shop
Snake:3:  nicolae_barding_shop
Snake:4:  snake_pit
Slime:1:  nicolae_slime_jelly_donut
Slime:2:  basic_altar
Slime:3:  basic_altar
Slime:5:  uniq_donald
Orc:1:    serial_shops, shop
Orc:2:    grunt_orc_cross, minmay_orc_temple_a
Elf:1:    eino_elf_arrival_sip, infiniplex_enter_wizlab_glasses,
          hangedman_elf_represent, minivault_14, hangedman_elf_disciples,
          uniq_asterion
Elf:2:    serial_shops, nicolae_shop_statue_plus, uniq_azrael
Elf:3:    elf_hall_gauntlet_narrow, nicolae_elf_stone_circles,
          minmay_strange_pillars, guppyfry_elf_altar, uniq_louise
Vaults:1: vaults_room_boxed, v_misc_12, v_pattern_2, vaults_room_hallway,
          nicolae_vaults_little_squares_1, vaults_mumra_hexcomb,
          v_alt_pattern_5, ontoclasm_vaults_fault, v_misc_11, vaults_dpeg_doors,
          nicolae_vaults_asterisk, serial_shops,
          nicolae_shop_competitors_out_of_business
Vaults:2: v_misc_8, v_misc_22, hangedman_vaults_hard_town_square,
          vaults_dpeg_diagonal, v_misc_18, dpeg_vaults_monster_box,
          grunt_vaults_focal, v_misc_27, vaults_room_corners,
          ontoclasm_vaults_chip
Vaults:3: vaults_mumra_chevron_long, minmay_crypt_entry_simple_sparse,
          st_lattice, nicolae_vaults_twisting_passages, nicolae_vaults_theta,
          nicolae_vaults_little_squares_2, nicolae_vaults_shelves_hall,
          uniq_jory, uniq_saint_roka
Vaults:4: grunt_tower_of_power, hangedman_vaults_corner, vaults_room_door_ring,
          vaults_mumra_minichess, nicolae_vaults_angled_halls,
          vaults_dpeg_hooks, v_rooms_2, nicolae_vaults_sealed_display,
          vaults_room_ringed_pool, hangedman_vaults_capsules, v_misc_19,
          grunt_vaults_twisty, basic_altar, serial_shops, shop_statue, shop,
          shop_fountains, shop
Crypt:2:  uniq_khufu
Depths:1: serial_bayou, serial_bayou_shore_b, serial_bayou_pond_d,
          serial_bayou_lagoon_b, serial_bayou_ford_a, grunt_hell_horde,
          minmay_holes, hangedman_abyss_or_decor_slice,
          minmay_gold_behind_fungi, minmay_statues_item, minmay_acid_items
Depths:2: pf_snail_temple, hell_entry, nicolae_trove_entry_crossroad,
          kennysheep_decorative_pillar, serial_sigils_hangedman_quiver,
          grunt_decor_cap, uniq_aizul
Depths:3: hangedman_cross_cluster, hangedman_abyss_or_decor_passed,
          serial_shops, nicolae_shop_crystal, hell_entry,
          rand_demon_pan_entry_4, roderic_serpentine_path, kennysheep_path_1,
          infiniplex_staircase_zigzag_4, serial_bayou_shore_b
Depths:4: hangedman_arrow_trap, enter_ziggurat_c, minmay_misc_feat_tiny,
          hangedman_coc_ice_floe, abyss_entry_crystal,
          statue_in_the_mist_lemuel, firewood_loft
Depths:5: grunt_twist_and_shout, solitary_fountain, abyss_entry_flame_altar,
          hell_entry, uniq_enchantress
Zot:1:    lemuel_acid_trip
Zot:2:    grunt_zot_stairs_faceoff
Zot:5:    grunt_ministairs_12
Lab:      labyrinth_spiral, labyrinth_skeletal_remains, nicolae_lab_t_cross,
          nicolae_lab_blocks, nicolae_lab_swirl, nicolae_lab_do_over,
          nicolae_lab_hexagon, nicolae_lab_arrow, nicolae_lab_stuck
Bazaar:   bazaar_mystics
Ossuary:  ossuary_crypta
IceCv:    ice_cave_small_necro

Action                   |  1- 3 |  4- 6 |  7- 9 | 10-12 | 13-15 | 16-18 | 19-21 | 22-24 | 25-27 || total
-------------------------+-------+-------+-------+-------+-------+-------+-------+-------+-------++-------
Melee: Flail             |   124 |   114 |       |       |       |       |       |       |       ||   238
       Morningstar       |       |    74 |   329 |   808 |  1897 |  1253 |       |       |       ||  4361
       Demon trident     |       |       |       |       |       |   160 |  2140 |  2342 |  3490 ||  8132
Invok: Device Surge      |       |       |       |     1 |     6 |     9 |     3 |     6 |    11 ||    36
       Quick Charge      |       |       |       |       |     2 |    17 |    10 |     7 |    18 ||    54
       Supercharge       |       |       |       |       |       |       |     1 |       |       ||     1
 Abil: Spit Acid         |       |       |    10 |     4 |       |       |       |       |       ||    14
Evoke: Wand              |       |       |     3 |     9 |    25 |    36 |    24 |    33 |    61 ||   191
       Rod               |       |       |       |    31 |    56 |   138 |    74 |    92 |    55 ||   446
       Stone of tremors  |       |       |       |       |     1 |     2 |     1 |       |       ||     4
       Phial of floods   |       |       |       |       |     1 |     1 |       |       |       ||     2
       Disc of storms    |       |       |       |       |       |     2 |       |     2 |       ||     4
       Sack of spiders   |       |       |       |       |       |     1 |       |       |       ||     1
       Phantom mirror    |       |       |       |       |       |       |     1 |       |       ||     1
       Box of beasts     |       |       |       |       |       |       |       |       |     2 ||     2
  Use: Scroll            |     3 |     4 |     9 |    16 |     9 |    13 |    10 |    11 |     5 ||    80
       Potion            |       |     1 |       |     1 |       |     4 |     4 |    15 |     3 ||    28
 Stab: Sleeping          |     1 |     2 |     1 |     3 |     3 |     1 |     6 |     5 |     3 ||    25
       Confused          |       |       |       |     1 |       |       |       |       |       ||     1
       Distracted        |       |       |       |       |     1 |     2 |     8 |     4 |     5 ||    20
       Paralysed         |       |       |       |       |       |       |       |     1 |       ||     1
  Eat: Chunk             |       |     7 |    18 |    25 |    46 |    45 |    45 |    49 |    57 ||   292
       Fruit             |       |     2 |       |     1 |     4 |     5 |     2 |       |       ||    14
       Beef jerky        |       |     1 |       |       |     2 |     2 |     1 |     2 |     2 ||    10
       Bread ration      |       |       |       |     2 |     2 |     5 |       |     2 |     1 ||    12
       Pizza             |       |       |       |     1 |     2 |     3 |       |     1 |     2 ||     9
       Meat ration       |       |       |       |       |     1 |     2 |     4 |     5 |     5 ||    17
       Royal jelly       |       |       |       |       |       |       |       |       |     8 ||     8
